Map: Oxide LE

Players

SKILLOUS

  • Race: Protoss Protoss
  • League: Grandmaster
  • Spawn Location: 1:00

uwuThermal (uThermal) - Winner!

  • Race: Terran Terran
  • League: Master
  • Spawn Location: 7:00

VOD

Have the link to the VOD?

Description

Time

  • Played on: Jan. 7, 2021, 10:58 a.m.
  • Length: 6:31
Show
View Real Time Build Order
Export as new Build Order

SKILLOUS Protoss 

Build Orders: 1 Gate Expand, Oracle Opening 

Get SALT Encoding   

  12  0:00  Probe  
  13  0:12  Probe  
  14  0:17  Pylon  
  14  0:24  Probe (Chrono Boost)  
  15  0:36  Gateway, Probe (Chrono Boost)  
  16  0:45  Assimilator, Probe (Chrono Boost)  
  17  0:51  Probe  
  18  1:03  Probe  
  19  1:15  Probe  
  20  1:20  Nexus  
  20  1:30  Cybernetics Core  
  20  1:33  Probe  
  20  1:38  Assimilator  
  21  1:45  Probe  
  22  1:47  Pylon  
  22  1:57  Probe  
  23  2:03  Stalker (Chrono Boost)  
  25  2:09  Probe (Chrono Boost)  
  26  2:17  Stargate  
  26  2:21  Probe (Chrono Boost)  
  27  2:26  Warp Gate  
  28  2:31  Probe (Chrono Boost)  
  28  2:35  Probe (Chrono Boost)  
  29  2:37  Stalker  
  29  2:41  Probe (Chrono Boost)  
  29  2:42  Probe (Chrono Boost)  
  33  2:47  Probe (Chrono Boost)  
  33  2:48  Probe  
  35  2:59  Probe  
  35  3:00  Probe  
  35  3:02  Oracle (Chrono Boost)  
  40  3:08  Gateway  
  40  3:10  Gateway  
  40  3:11  Probe  
  41  3:13  Probe  
  41  3:19  Shield Battery  
  42  3:23  Probe  
  42  3:26  Twilight Council, Probe  
  44  3:31  Pylon  
  44  3:35  Probe  
  44  3:37  Shield Battery  
  44  3:38  Probe  
  46  3:42  Assimilator  
  46  3:47  Probe  
  41  3:58  Gateway  
  35  4:07  Probe (Chrono Boost)  
  35  4:08  Probe (Chrono Boost)  
  33  4:15  Stalker  
  33  4:16  Stalker  
  38  4:18  Probe (Chrono Boost)  
  38  4:21  Probe (Chrono Boost)  
  38  4:22  Blink (Chrono Boost)  
  36  4:25  Probe (Chrono Boost)  
  36  4:29  Probe (Chrono Boost)  
  38  4:36  Probe (Chrono Boost)  
  38  4:37  Probe (Chrono Boost)  
  40  4:44  Nexus  
  39  4:48  Probe (Chrono Boost)  
  39  4:52  Pylon, Probe (Chrono Boost)  
  41  4:56  Probe (Chrono Boost)  
  41  4:59  Probe (Chrono Boost)  
  43  5:02  Probe  
  43  5:03  Stalker  
  46  5:08  Stalker  
  46  5:10  Probe  
  49  5:14  Probe  
  49  5:15  Stalker  
  52  5:22  Probe  
  52  5:26  Stalker  
  52  5:27  Probe  
  56  5:34  Probe  
  56  5:35  Stalker  
  59  5:38  Stalker  
  59  5:39  Probe  
  59  5:41  Pylon  
  62  5:45  Pylon  
  62  5:51  Pylon  
  62  5:53  Robotics Facility  
  64  5:57  Probe (Chrono Boost)  
  64  5:58  Stalker  
  64  6:00  Probe x2 (Chrono Boost), Sentry  
  69  6:04  Sentry  
  69  6:07  Shield Battery, Probe (Chrono Boost)  
  69  6:09  Probe x2 (Chrono Boost)  
  74  6:14  Probe  
Show
View Real Time Build Order
Export as new Build Order

uwuThermal Terran - Winner!

Build Orders: Banshee Rush 

Get SALT Encoding   

  12  0:00  SCV  
  13  0:12  SCV  
  14  0:16  Supply Depot  
  14  0:24  SCV  
  15  0:38  SCV  
  15  0:39  Barracks  
  16  0:43  Refinery  
  16  0:50  SCV  
  17  1:02  SCV  
  18  1:14  SCV  
  19  1:28  Barracks Reactor, Orbital Command  
  19  1:39  Command Center  
  19  1:48  Supply Depot  
  19  1:54  SCV  
  20  2:04  Marine x2  
  20  2:06  SCV  
  23  2:11  Factory  
  23  2:18  SCV  
  23  2:22  Marine x2  
  26  2:30  SCV  
  26  2:32  Refinery  
  27  2:40  Marine x2  
  27  2:43  SCV  
  30  2:52  Orbital Command  
  30  2:55  SCV  
  31  2:59  Starport  
  31  3:03  Hellion x2  
  35  3:07  SCV  
  35  3:12  Supply Depot  
  36  3:19  SCV, Barracks Tech Lab  
  38  3:25  Hellion  
  38  3:27  Hellion  
  41  3:28  SCV  
  41  3:31  SCV  
  43  3:40  SCV  
  44  3:43  SCV  
  45  3:52  SCV  
  45  3:53  Cloaking Field  
  45  3:54  Banshee  
  49  3:56  SCV  
  49  4:02  Factory Tech Lab  
  47  4:03  Marine x2  
  47  4:04  SCV  
  47  4:08  SCV  
  50  4:16  SCV  
  49  4:20  SCV  
  49  4:21  Siege Tank, Marine  
  49  4:22  Supply Depot  
  54  4:36  Barracks  
  54  4:37  Marine  
  54  4:38  SCV  
  54  4:39  SCV, Marine  
  54  4:40  Barracks  
  54  4:43  Banshee  
  54  4:45  Supply Depot  
  57  4:50  SCV  
  57  4:51  SCV, Engineering Bay  
  59  4:53  Siege Tank  
  59  4:55  Refinery  
  62  5:03  Supply Depot  
  62  5:06  SCV, Marine x2  
  62  5:07  SCV  
  66  5:08  Supply Depot  
  66  5:19  SCV x2  
  68  5:31  SCV x2, Factory Reactor  
  68  5:33  Command Center, Marine x2  
  68  5:34  Marine  
  71  5:36  Marine  
  71  5:41  Refinery  
  72  5:44  SCV  
  72  5:46  Missile Turret  
  72  5:47  Supply Depot  
  72  5:48  Starport Reactor  
  73  5:51  Marine x2  
  73  5:52  Marauder  
  73  5:55  SCV  
  73  5:56  Supply Depot, SCV  
  79  5:58  Marauder  
  81  6:07  Supply Depot, SCV  
  81  6:08  SCV  
  87  6:12  Marine x2  
  87  6:20  Supply Depot  
Tags
 
Add a new tag
Caveats
  • Supply blocks, unpowered buildings, or Contaminate may cause inaccurate times.
  • Supply counts are checked every 10 seconds.